 Dungeon Crawl Stone Soup version 0.29-a0-356-g7bc237e783 (webtiles) character file.

Game seed: 12103273429167609529

286 quokkamancerX the Shooter (level 6, -7/50 HPs)
             Began as a Minotaur Hunter on Apr 26, 2022.
             Was an Initiate of Dithmenos.
             Mangled by a gnoll shaman
             ... wielding a +0 club
              (10 damage)
             ... on level 4 of the Dungeon.
             The game lasted 00:13:02 (3870 turns).

quokkamancerX the Shooter (Minotaur Hunter)         Turns: 3870, Time: 00:13:02

Health: -7/50      AC:  7    Str: 22    XL:     6   Next: 8%
Magic:  5/5        EV: 11    Int:  6    God:    Dithmenos [......]
Gold:   205        SH:  0    Dex: 15    Spells: 5/5 levels left

rFire   . . .      SeeInvis .   a - +1 shortbow
rCold   . . .      Faith    +   (shield currently unavailable)
rNeg    . . .      Spirit   .   t - +0 ring mail
rPois   .          Reflect  .   (helmet restricted)
rElec   .          Harm     .   q - +0 cloak
rCorr   .          Rampage  .   e - +0 pair of gloves
Will    +....                   (no boots)
Stlth   ++........              o - amulet of faith
HPRegen 0.16/turn               s - ring of willpower
MPRegen 0.09/turn               y - +6 ring of strength

@: no status effects
A: horns 2, retaliatory headbutt
a: Renounce Religion


You were on level 4 of the Dungeon.
You worshipped Dithmenos.
Dithmenos was noncommittal.
You visited 1 branch of the dungeon, and saw 4 of its levels.

You collected 205 gold pieces.

Inventory:

Hand Weapons
 a - a +1 shortbow (weapon)
Missiles
 p - 3 curare-tipped darts
Armour
 e - a +0 pair of gloves (worn)
 q - a +0 cloak (worn)
 t - a +0 ring mail (worn)
Jewellery
 b - an amulet of guardian spirit
 o - an amulet of faith (around neck)
 s - a ring of willpower (left hand)
 y - a +6 ring of strength (right hand)
Wands
 u - a wand of flame (20)
Scrolls
 c - 3 scrolls of immolation
 d - 2 scrolls of fear {unknown}
 f - 5 scrolls of identify {unknown}
 g - 2 scrolls of noise {unknown}
 h - a scroll of silence {unknown}
 j - a scroll of vulnerability {unknown}
 k - a scroll of summoning {unknown}
 l - 2 scrolls of blinking {unknown}
 n - a scroll of magic mapping {unknown}
 x - a scroll of enchant armour {unknown}
Potions
 i - a potion of haste {unknown}
 m - a potion of degeneration {unknown}
 r - 3 potions of brilliance {unknown}
 v - a potion of curing {unknown}
 w - a potion of might
 z - a potion of attraction {unknown}


   Skills:
 - Level 2.4 Fighting
 + Level 6.9 Bows
 - Level 2.1 Dodging
 - Level 3.3 Stealth


You had 5 spell levels left.
You didn't know any spells.
Your spell library was empty.

Dungeon Overview and Level Annotations

Branches:
Dungeon (4/15)
 Temple: D:4-7

Altars:
Dithmenos
Qazlal
Ru
Sif Muna
Wu Jian


Innate Abilities, Weirdness & Mutations

You have a pair of horns on your head.
You reflexively headbutt those who attack you in melee.


Message History

Unknown command.
Shoot: a) +1 shortbow
Press: ? - help, Shift-Dir - straight line, f/p - gnoll shaman
Aim: a gnoll shaman, wielding a +0 club and wearing a +0 leather armour (heavily wounded, 68% to hit)
You shoot an arrow. The arrow hits the gnoll shaman.
The gnoll shaman is severely wounded.
The gnoll shaman mumbles some strange prayers to its god.
The gnoll shaman is healed somewhat.
Shoot: a) +1 shortbow
Press: ? - help, Shift-Dir - straight line, f/p - gnoll shaman
Aim: a gnoll shaman, wielding a +0 club and wearing a +0 leather armour (moderately wounded, 68% to hit)
You shoot an arrow. The arrow hits the gnoll shaman.
The gnoll shaman is heavily wounded.
The gnoll shaman closely misses you.
The gnoll shaman hits you with a +0 club.
Shoot: a) +1 shortbow
Press: ? - help, Shift-Dir - straight line, f/p - gnoll shaman
Aim: a gnoll shaman, wielding a +0 club and wearing a +0 leather armour (heavily wounded, 68% to hit)
You shoot an arrow.
The arrow hits the gnoll shaman but does no damage.
The gnoll shaman is heavily wounded.
The gnoll shaman hits you with a +0 club.
Unknown command.
Shoot: a) +1 shortbow
Press: ? - help, Shift-Dir - straight line, f/p - gnoll shaman
Aim: a gnoll shaman, wielding a +0 club and wearing a +0 leather armour (heavily wounded, 68% to hit)
You shoot an arrow. The arrow hits the gnoll shaman.
The gnoll shaman is heavily wounded.
The gnoll shaman hits you with a +0 club!
* * * LOW HITPOINT WARNING * * *
Shoot: a) +1 shortbow
Press: ? - help, Shift-Dir - straight line, f/p - gnoll shaman
Aim: a gnoll shaman, wielding a +0 club and wearing a +0 leather armour (heavily wounded, 68% to hit)
You shoot an arrow.
The arrow completely misses the gnoll shaman.
The gnoll shaman hits you with a +0 club.
* * * LOW HITPOINT WARNING * * *
The gnoll shaman attacks as you move away!
The gnoll shaman hits you with a +0 club!
You die...

.. .# #+ ..# #.## .
..# ..##+ #.. #.#.
....#....
#.#..##.......#
##.#...'.......+ #..#
##g......# ##..#
##@...#....
##...###†.........
#....'............
##.#..######.....##
##..#..# #...#+
#..###.# #.## #..##
#.# .# #.# #.# # ..
...
#.########+########..


You could see a gnoll shaman.

Vanquished Creatures
  A kobold brigand (D:3)
  Ijyb (D:3)
  An iguana (D:4)
  2 orc wizards (D:4)
  Robin (D:3)
  2 adders
  An ufetubus (D:3)
  A worm (D:2)
  2 dart slugs (D:2)
  4 orcs
  7 endoplasms
  3 giant cockroaches (D:1)
  9 goblins
  9 hobgoblins
  5 jackals
  3 quokkas
  5 ball pythons
  4 bats
  A frilled lizard (D:1)
  5 kobolds (D:1)
  2 rats (D:1)
69 creatures vanquished.

Notes
Turn   | Place    | Note
-------+----------+-------------------------------------------
     0 | D:1      | quokkamancerX the Minotaur Hunter began the quest for the
                  | Orb.
     0 | D:1      | Reached XP level 1. HP: 18/18 MP: 0/0
    92 | D:1      | Reached skill level 1 in Stealth
   273 | D:1      | Reached XP level 2. HP: 25/25 MP: 1/1
   422 | D:1      | Found a faded altar of an unknown god.
   977 | D:2      | Reached skill level 5 in Bows
  1003 | D:2      | Reached XP level 3. HP: 30/30 MP: 2/2
  1868 | D:3      | Noticed Robin
  1874 | D:3      | Reached XP level 4. HP: 37/37 MP: 3/3
  1880 | D:3      | Killed Robin
  2110 | D:3      | Found a shadowy altar of Dithmenos.
  2110 | D:3      | Noticed Ijyb
  2127 | D:3      | Killed Ijyb
  2272 | D:3      | Noticed a kobold brigand
  2359 | D:3      | Killed a kobold brigand
  2360 | D:3      | Reached skill level 6 in Bows
  2360 | D:3      | Reached XP level 5. HP: 26/42 MP: 4/4
  2720 | D:3      | Found a stormy altar of Qazlal.
  2855 | D:3      | Found an ornate altar of the Wu Jian Council.
  2965 | D:4      | Noticed an ogre
  3298 | D:3      | Became a worshipper of Dithmenos the Shadowed
  3359 | D:4      | Found a shimmering blue altar of Sif Muna.
  3712 | D:4      | Found a sacrificial altar of Ru.
  3796 | D:4      | Reached XP level 6. HP: 41/50 MP: 5/5
  3870 | D:4      | Mangled by a gnoll shaman

Illustrated notes

Levels and vault maps discovered:
D:1:      ebering_trefoil_twist, layout_basic,
          hellmonk_ecumenical_altar_slurped_away
D:2:      layout_basic
D:3:      layout_loops_ring, nicolae_wu_jian_immortal_techniques,
          mainiacjoe_overflow_alcove_4, mainiacjoe_overflow_small_starburst,
          roderic_roman_lattice, chequers_serial_rivers_room_b,
          uniq_crazy_yiuf_cottage, uniq_ijyb, uniq_robin
D:4:      layout_cave_pods, mainiacjoe_overflow_surrounded_room,
          mainiacjoe_overflow_boulevard, led_sif_book, dk_vineyard_3,
          minmay_pentangle, uniq_sigmund, uniq_eustachio

Skill      XL: |  1  2  3  4 |
---------------+-------------+-----
Stealth        | 1 2 3 |  3.3
Bows           | 5 6 |  6.9
Fighting       | |  2.4
Dodging        | |  2.1

Action                   |  1- 3 |  4- 6 || total
-------------------------+-------+-------++-------
 Fire: Shortbow          |    99 |   112 ||   211
Throw: Dart              |       |     2 ||     2
Armor: Leather armour    |    12 |       ||    12
       Ring mail         |     1 |    18 ||    19
Dodge: Dodged            |    26 |    53 ||    79

Table legend: (Time is in decaauts)
 A = Elapsed time spent in this place.
 B = Non-inter-level travel time spent in this place.
 C = Inter-level travel time spent in this place.
 D = Time resting spent in this place.
 E = Time spent auto-exploring this place.
 F = Levels seen in this place.
 G = Mean time per level.
                   A        B        C        D        E       F      G
               +--------+--------+--------+--------+--------+-----+--------+
         Total |   3938 |   3723 |    215 |   1055 |   1569 |   4 |  984.5 |
       Dungeon |   3938 |   3723 |    215 |   1055 |   1569 |   4 |  984.5 |
               +--------+--------+--------+--------+--------+-----+--------+

Top non-repeatable levels by time:
     D:3: 1691 daAuts
     D:1: 858 daAuts
     D:2: 816 daAuts
     D:4: 572 daAuts
